 Dungeon Crawl Stone Soup version 0.21.1-1-g345015f (webtiles) character file.

3480 vatarom the Protected (level 10, -9/77 HPs)
             Began as a Gnoll Wanderer on Apr 7, 2018.
             Was an Initiate of Yredelemnul.
             Mangled by an orc warrior
             ... wielding a +0 halberd
              (18 damage)
             ... on level 7 of the Dungeon.
             The game lasted 00:11:45 (7025 turns).

vatarom the Protected (Gnoll Wanderer)              Turns: 7025, Time: 00:11:46

Health: -9/77      AC: 15    Str: 15    XL:     10   Next: 7%
Magic:  27/27      EV: 10    Int: 17    God:    Yredelemnul [......]
Gold:   256        SH:  0    Dex: 15    Spells: 20/20 levels left

rFire    . . .     SeeInvis .   t - +3 trident
rCold    . . .     Gourm    .   (no shield)
rNeg     . . .     Faith    .   v - +2 chain mail {rPois}
rPois    +         Spirit   .   o - +0 helmet
rElec    .         Reflect  .   u - scarf {repulsion}
rCorr    .         Harm     .   (no gloves)
MR       .....                  (no boots)
Stlth    ..........             m - amulet of regeneration
HPRegen  0.62/turn              n - ring of magical power
MPRegen  0.20/turn              (no ring)

@: repel missiles
A: distributed training, fangs 1, strong nose
a: Renounce Religion


You were on level 7 of the Dungeon.
You worshipped Yredelemnul.
Yredelemnul was noncommittal.
You were not hungry.

You visited 2 branches of the dungeon, and saw 8 of its levels.

You collected 256 gold pieces.

Inventory:

Hand Weapons
 s - a +0 long sword
 t - a +3 trident (weapon)
Missiles
 p - 2 tomahawks (quivered)
Armour
 o - a +0 helmet (worn)
 u - a scarf of repulsion (worn)
 v - a +2 chain mail of poison resistance (worn)
Jewellery
 m - an amulet of regeneration (around neck)
 n - a ring of magical power (left hand)
Wands
 l - a wand of enslavement (11)
Scrolls
 b - 2 scrolls of teleportation
 g - a scroll of immolation
 h - a scroll of fear
 j - a scroll of magic mapping
 k - 3 scrolls of remove curse
 q - a scroll of fog
 r - a scroll of enchant armour
Potions
 e - 2 potions of flight
 i - 2 potions of resistance
Comestibles
 d - 8 chunks of flesh
 f - 10 rations


   Skills:
 + Level 6.3 Fighting
 + Level 5.7 Short Blades
 + Level 5.7 Long Blades
 + Level 5.7 Axes
 + Level 6.3 Maces & Flails
 + Level 5.7 Polearms
 + Level 5.7 Staves
 + Level 5.7 Slings
 + Level 6.3 Bows
 + Level 5.7 Crossbows
 + Level 5.7 Throwing
 + Level 11.6 Armour
 + Level 5.7 Dodging
 + Level 5.7 Stealth
 + Level 5.7 Shields
 + Level 5.7 Unarmed Combat
 + Level 5.7 Spellcasting
 + Level 4.7 Conjurations
 + Level 4.7 Hexes
 + Level 4.7 Charms
 + Level 4.7 Summonings
 + Level 4.7 Necromancy
 + Level 4.7 Translocations
 + Level 4.7 Transmutations
 + Level 4.7 Fire Magic
 + Level 4.7 Ice Magic
 + Level 4.7 Air Magic
 + Level 4.7 Earth Magic
 + Level 4.7 Poison Magic
 + Level 6.2 Invocations
 + Level 7.4 Evocations


You had 20 spell levels left.
You didn't know any spells.

Dungeon Overview and Level Annotations

Branches:
Dungeon (7/15)             Temple (1/1) D:6

Altars:
Ashenzari
Cheibriados
Dithmenos
Elyvilon
Fedhas
Gozag
Hepliaklqana
Kikubaaqudgha
Makhleb
Nemelex Xobeh
Okawaru
Qazlal
Ru
Sif Muna
Trog
Uskayaw
Vehumet
Wu Jian
Xom
Yredelemnul
Zin
The Shining One

Shops:
D:6 %


Innate Abilities, Weirdness & Mutations

Your experience applies equally to all skills.
You have very sharp teeth.
Your uncanny sense of smell can sniff out nearby items.


Message History

The orc warrior hits you with a halberd!
An orc comes into view.
You closely miss the orc warrior. Your bite misses the orc warrior.
The orc warrior is moderately wounded.
You closely miss the orc warrior.
The orc warrior is moderately wounded.
The orc warrior hits you with a halberd!
You hit the orc warrior but do no damage.
You bite the orc warrior, but do no damage.
The orc warrior is moderately wounded.
The orc warrior hits you with a halberd!
You puncture the orc warrior!
The orc warrior is heavily wounded.
The orc warrior hits you with a halberd!!
* * * LOW HITPOINT WARNING * * *
Unknown command.
Okay, then.
The orc warrior hits you from afar with a halberd!!
You die...
Your body rises from the dead as a mindless zombie.

...............#
...#..#...)....#
...#..#........#
...............#
##.##.#........#
#.............#
####(##########
####.#.(.....######.#
#.......# #(...@.oo.#
#.##.#..####.########
# #.........#
#.####..####.#
#.......<....#
##############


You could see an orc warrior and an orc.

Vanquished Creatures
  The ghost of Totori the Geomancer, a novice DrEE of Hepliaklqana (D:6)
  The ghost of Kairos the Covered, an amateur FoFi (D:3)
  3 orc warriors (D:6)
  2 sky beasts
  2 ogres (D:5)
  2 centaurs
  Blork the orc (D:5)
  2 bullfrogs
  A water moccasin skeleton (D:7)
  A howler monkey (D:6)
  A crimson imp (D:6)
  A jelly (D:5)
  4 orc wizards
  3 orc priests
  2 hounds (D:4)
  A bullfrog skeleton (D:5)
  2 iguanas
  A worker ant (D:5)
  A hound skeleton (D:7)
  Robin (D:2)
  A worker ant zombie (D:5)
  8 adders
  2 shadow imps (D:5)
  An adder skeleton (D:4)
  An adder zombie (D:5)
  2 worms
  4 leopard geckos
  15 orcs
  A ball python (D:1)
  7 bats
  10 giant cockroaches
  7 goblins
  11 hobgoblins
  6 kobolds
  4 quokkas
  6 frilled lizards
  4 rats
123 creatures vanquished.

Vanquished Creatures (collateral kills)
  An orc (D:6)
  2 jackals (D:6)
3 creatures vanquished.

Grand Total: 126 creatures vanquished

Notes
Turn   | Place    | Note
-------+----------+-------------------------------------------
     0 | D:1      | Reached skill level 10 in Armour
     0 | D:1      | vatarom the Gnoll Wanderer began the quest for the Orb.
     0 | D:1      | vatarom set off with: a +2 scale mail, a scroll of teleportation, a potion of lignification, a +0 dagger, a ration
     0 | D:1      | Reached XP level 1. HP: 17/17 MP: 3/3
   212 | D:1      | Reached XP level 2. HP: 15/23 MP: 5/5
  1029 | D:1      | Reached XP level 3. HP: 27/28 MP: 6/6
  1484 | D:2      | Noticed Robin
  1487 | D:2      | Reached skill level 1 in Invocations
  1505 | D:2      | Killed Robin
  1632 | D:2      | Reached skill level 1 in Short Blades
  1632 | D:2      | Reached skill level 1 in Long Blades
  1632 | D:2      | Reached skill level 1 in Axes
  1632 | D:2      | Reached skill level 1 in Polearms
  1632 | D:2      | Reached skill level 1 in Staves
  1632 | D:2      | Reached skill level 1 in Slings
  1632 | D:2      | Reached skill level 1 in Crossbows
  1632 | D:2      | Reached skill level 1 in Throwing
  1632 | D:2      | Reached skill level 1 in Dodging
  1632 | D:2      | Reached skill level 1 in Stealth
  1632 | D:2      | Reached skill level 1 in Shields
  1632 | D:2      | Reached skill level 1 in Unarmed Combat
  1632 | D:2      | Reached skill level 1 in Spellcasting
  1854 | D:2      | Found a glowing golden altar of the Shining One.
  2006 | D:3      | Noticed Kairos's ghost (amateur FoFi)
  2068 | D:3      | Noticed a bullfrog
  2083 | D:3      | Killed a bullfrog
  2083 | D:3      | Reached skill level 1 in Conjurations
  2083 | D:3      | Reached skill level 1 in Hexes
  2083 | D:3      | Reached skill level 1 in Charms
  2083 | D:3      | Reached skill level 1 in Summonings
  2083 | D:3      | Reached skill level 1 in Necromancy
  2083 | D:3      | Reached skill level 1 in Translocations
  2083 | D:3      | Reached skill level 1 in Transmutations
  2083 | D:3      | Reached skill level 1 in Fire Magic
  2083 | D:3      | Reached skill level 1 in Ice Magic
  2083 | D:3      | Reached skill level 1 in Air Magic
  2083 | D:3      | Reached skill level 1 in Earth Magic
  2083 | D:3      | Reached skill level 1 in Poison Magic
  2083 | D:3      | Reached XP level 4. HP: 12/34 MP: 7/7
  2083 | D:3      | Reached XP level 5. HP: 14/40 MP: 8/8
  2624 | D:3      | Found a shattered altar of Ashenzari.
  3107 | D:3      | Killed Kairos's ghost
  3107 | D:3      | Reached skill level 5 in Evocations
  3107 | D:3      | Reached XP level 6. HP: 29/47 MP: 9/9
  3571 | D:4      | Reached XP level 7. HP: 52/52 MP: 10/10
  3918 | D:5      | Entered Level 5 of the Dungeon
  4230 | D:5      | Noticed Blork the orc
  4243 | D:5      | Killed Blork the orc
  4435 | D:5      | Found a radiant altar of Vehumet.
  4525 | D:5      | Reached XP level 8. HP: 39/60 MP: 12/12
  5042 | D:6      | Reached skill level 5 in Short Blades
  5042 | D:6      | Reached skill level 5 in Long Blades
  5042 | D:6      | Reached skill level 5 in Axes
  5042 | D:6      | Reached skill level 5 in Polearms
  5042 | D:6      | Reached skill level 5 in Staves
  5042 | D:6      | Reached skill level 5 in Slings
  5042 | D:6      | Reached skill level 5 in Crossbows
  5042 | D:6      | Reached skill level 5 in Throwing
  5042 | D:6      | Reached skill level 11 in Armour
  5042 | D:6      | Reached skill level 5 in Dodging
  5042 | D:6      | Reached skill level 5 in Stealth
  5042 | D:6      | Reached skill level 5 in Shields
  5042 | D:6      | Reached skill level 5 in Unarmed Combat
  5042 | D:6      | Reached skill level 5 in Spellcasting
  5042 | D:6      | Reached skill level 5 in Invocations
  5042 | D:6      | Reached XP level 9. HP: 56/69 MP: 17/17
  5347 | D:6      | Found Sikhlu's Food Shoppe.
  5478 | D:6      | Found a staircase to the Ecumenical Temple.
  5492 | Temple   | Entered the Ecumenical Temple
  5610 | Temple   | Became a worshipper of Yredelemnul the Dark
  6510 | D:6      | Noticed Totori's ghost (novice DrEE)
  6526 | D:6      | Killed Totori's ghost
  6793 | D:6      | Reached XP level 10. HP: 38/76 MP: 18/18
  7025 | D:7      | Mangled by an orc warrior

Skill      XL: |  1  2  3  4  5  6  7  8  9 |
---------------+----------------------------+-----
Armour         | 11 | 11.6
Invocations    | 1 2 3 5 6 |  6.2
Short Blades   | 1 2 5 |  5.7
Long Blades    | 1 2 5 |  5.7
Axes           | 1 2 5 |  5.7
Polearms       | 1 2 5 |  5.7
Staves         | 1 2 5 |  5.7
Slings         | 1 2 5 |  5.7
Crossbows      | 1 2 5 |  5.7
Throwing       | 1 2 5 |  5.7
Dodging        | 1 2 5 |  5.7
Stealth        | 1 2 5 |  5.7
Shields        | 1 2 5 |  5.7
Unarmed Combat | 1 2 5 |  5.7
Spellcasting   | 1 2 5 |  5.7
Conjurations   | 1 2 4 |  4.7
Hexes          | 1 2 4 |  4.7
Charms         | 1 2 4 |  4.7
Summonings     | 1 2 4 |  4.7
Necromancy     | 1 2 4 |  4.7
Translocations | 1 2 4 |  4.7
Transmutations | 1 2 4 |  4.7
Fire Magic     | 1 2 4 |  4.7
Ice Magic      | 1 2 4 |  4.7
Air Magic      | 1 2 4 |  4.7
Earth Magic    | 1 2 4 |  4.7
Poison Magic   | 1 2 4 |  4.7
Fighting       | 3 6 |  6.3
Maces & Flails | 3 6 |  6.3
Bows           | 3 6 |  6.3
Evocations     | 5 7 |  7.4

Action                   |  1- 3 |  4- 6 |  7- 9 | 10-12 || total
-------------------------+-------+-------+-------+-------++-------
Melee: Dagger            |   234 |    65 |       |       ||   299
       Bite              |    17 |     4 |    35 |    11 ||    67
       Punch             |     1 |       |     7 |       ||     8
       War axe           |       |    83 |    40 |       ||   123
       Long sword        |       |       |   135 |       ||   135
       Trident           |       |       |   128 |    45 ||   173
Throw: Tomahawk          |       |       |     8 |       ||     8
       Throwing net      |       |       |     1 |       ||     1
Evoke: Wand              |       |       |     1 |       ||     1
  Use: Scroll            |     5 |     3 |     4 |     1 ||    13
       Potion            |     3 |     2 |     2 |       ||     7
 Stab: Sleeping          |       |       |     1 |       ||     1
  Eat: Chunk             |     3 |     1 |     3 |       ||     7
       Ration            |     1 |     1 |     2 |       ||     4
Armor: Scale mail        |   133 |    82 |   150 |       ||   365
       Skin              |       |    18 |       |       ||    18
       Chain mail        |       |       |       |    27 ||    27
Dodge: Dodged            |    94 |    68 |   160 |    19 ||   341
       Deflected         |       |       |       |     1 ||     1
       Rpst.: Long sword |       |       |    31 |       ||    31
